 Dungeon Crawl Stone Soup version 0.21-a0-95-g06f091e (webtiles) character file.

2303 Murumi the Fighter (level 9, -5/61 HPs)
             Began as a Gargoyle Fighter on July 5, 2017.
             Was an Initiate of Elyvilon.
             Slain by a komodo dragon (17 damage)
             ... on level 7 of the Dungeon.
             The game lasted 00:28:24 (7281 turns).

Murumi the Fighter (Gargoyle Fighter)               Turns: 7281, Time: 00:28:25

Health: -5/61      AC: 20    Str: 23    XL:     9   Next: 40%
Magic:  19/19      EV: 10    Int:  9    God:    Elyvilon [......]
Gold:   295        SH:  0    Dex:  9    Spells: 8/8 levels left

rFire    . . .     SeeInvis .   t - +0 morningstar
rCold    . . .     Gourm    .   (no shield)
rNeg     + . .     Faith    .   x - +3 scale mail {rPois}
rPois    ∞         Spirit   .   p - +0 helmet
rElec    +         Reflect  .   (no cloak)
rCorr    .         Harm     .   w - +2 pair of gloves
MR       .....                  (no boots)
Stlth    ..........             (no amulet)
HPRegen  0.20/turn              (no ring)
MPRegen  0.16/turn              s - ring of magical power

@: no status effects
A: negative energy resistance 1, electricity resistance, unbreathing,
petrification resistance, rot immunity, AC +5
a: Renounce Religion


You were on level 7 of the Dungeon.
You worshipped Elyvilon.
Elyvilon was noncommittal.
You were hungry.

You visited 2 branches of the dungeon, and saw 8 of its levels.

You collected 295 gold pieces.

Inventory:

Hand Weapons
 b - a +2 flail of protection
 t - a +0 morningstar (weapon)
Missiles
 e - 133 stones (quivered)
 y - 2 throwing nets
Armour
 c - a +0 shield
 p - a +0 helmet (worn)
 w - a +2 pair of gloves (worn)
 x - a +3 scale mail of poison resistance (worn)
Jewellery
 s - a ring of magical power (right hand)
Wands
 i - a wand of confusion (29/48)
 z - a wand of acid (5/15)
Scrolls
 a - a scroll of magic mapping
 d - a scroll of remove curse
 j - a scroll of teleportation
Potions
 g - a potion of lignification
 k - 3 potions of curing
 l - a potion of agility
 m - 3 potions of cancellation
 n - 3 potions of heal wounds
 u - a potion of berserk rage
Comestibles
 f - 7 bread rations
 h - 6 meat rations
 q - a fruit
 v - 2 royal jellies


   Skills:
 + Level 9.6 Fighting
 - Level 6.0 Maces & Flails
 - Level 2.0 Throwing
 - Level 6.1 Armour
 - Level 1.0 Dodging
 - Level 5.0 Shields
 - Level 2.1 Evocations


You had 8 spell levels left.
You didn't know any spells.

Dungeon Overview and Level Annotations

Branches:
Dungeon (7/15)             Temple (1/1) D:7

Altars:
Ashenzari
Cheibriados
Elyvilon
Fedhas
Gozag
Makhleb
Nemelex Xobeh
Okawaru
Qazlal
Ru
Trog
Uskayaw
Wu Jian
Yredelemnul
Zin
The Shining One


Innate Abilities, Weirdness & Mutations

You are resistant to torment.
Your stone body is resilient. (AC +5)
You are immune to poison.
You resist negative energy. (rN+)
You are resistant to electric shocks. (rElec)
You can survive without breathing.
You are immune to petrification.
You are immune to rotting.


Message History

The komodo dragon bites you.
You hit the komodo dragon.
The komodo dragon is heavily wounded.
The komodo dragon barely misses you.
You hit the komodo dragon.
The komodo dragon is heavily wounded.
The komodo dragon bites you!!
You are too injured to fight recklessly!
You hit the komodo dragon but do no damage.
The komodo dragon is heavily wounded.
The komodo dragon closely misses you. The komodo dragon bites you!
* * * LOW HITPOINT WARNING * * *
You closely miss the komodo dragon.
The komodo dragon is heavily wounded.
The komodo dragon bites you!
* * * LOW HITPOINT WARNING * * *
You see here a leopard gecko corpse.
There is a stone staircase leading up here.
The komodo dragon bites you!
You die...

#.##.# ## #.##.#
.# #.##.# .#
#.#..# .# #.#.##
.######.#.#
........#.#
#########.########
...............l@#
#######.#.########
# #....#.# #
#.##.#.# #
#.##.#.#
####.##.#.#
......#.#.#
####..#.#.#
#.....#.#.########


You could see a komodo dragon.

Vanquished Creatures
  The ghost of flinch the Grappler, a novice TrFi of Ru (D:6)
  Sigmund (D:2)
  Menkaure (D:4)
  2 centaurs
  An ogre (D:6)
  A bullfrog (D:7)
  Blork the orc (D:5)
  A scorpion (D:6)
  3 wights (D:6)
  2 howler monkeys
  3 crimson imps
  A bullfrog zombie (D:5)
  An orc priest (D:6)
  3 hounds
  A jelly (D:5)
  Jessica (D:2)
  A centaur skeleton (D:5)
  2 iguanas
  Terence (D:3)
  4 worker ants
  6 orc wizards
  A hound skeleton (D:7)
  Robin (D:3)
  10 adders
  An ooze (D:3)
  4 adder skeletons
  An adder zombie (D:5)
  4 worms
  3 dart slugs
  6 leopard geckos
  18 orcs
  2 bats
  3 giant cockroaches
  15 goblins
  9 hobgoblins
  8 jackals
  9 kobolds
  3 quokkas
  3 ball pythons
  2 frilled lizards
  3 quokka skeletons
  6 rats
150 creatures vanquished.

Vanquished Creatures (others)
  5 toadstools (D:1)
5 creatures vanquished.

Grand Total: 155 creatures vanquished

Notes
Turn   | Place    | Note
-------+----------+-------------------------------------------
     0 | D:1      | Murumi the Gargoyle Fighter began the quest for the Orb.
     0 | D:1      | Reached XP level 1. HP: 14/14 MP: 1/1
   154 | D:1      | Reached skill level 1 in Throwing
   474 | D:1      | Reached XP level 2. HP: 18/19 MP: 2/2
   593 | D:1      | Reached skill level 1 in Dodging
  1055 | D:1      | Reached XP level 3. HP: 19/23 MP: 3/3
  1258 | D:2      | Noticed Jessica
  1275 | D:2      | Killed Jessica
  1492 | D:2      | Reached XP level 4. HP: 28/28 MP: 4/4
  1825 | D:2      | Noticed Sigmund
  1831 | D:2      | Killed Sigmund
  1831 | D:2      | Reached skill level 5 in Maces & Flails
  1831 | D:2      | Reached XP level 5. HP: 32/32 MP: 5/5
  1831 | D:2      | Reached XP level 6. HP: 37/37 MP: 6/6
  2039 | D:2      | Found an opulent altar of Gozag.
  2646 | D:3      | Noticed Robin
  2673 | D:3      | Killed Robin
  2673 | D:3      | Reached skill level 4 in Fighting
  2828 | D:3      | Noticed Terence
  2840 | D:3      | Killed Terence
  3264 | D:3      | HP: 1/38 [something (3)]
  3267 | D:3      | Reached XP level 7. HP: 11/43 MP: 7/7
  3711 | D:4      | Reached skill level 1 in Evocations
  4140 | D:4      | Noticed Menkaure
  4150 | D:4      | Killed Menkaure
  4150 | D:4      | Reached skill level 5 in Fighting
  4353 | D:5      | Entered Level 5 of the Dungeon
  4492 | D:5      | Reached skill level 6 in Fighting
  4637 | D:5      | Reached skill level 5 in Armour
  4637 | D:5      | Reached XP level 8. HP: 49/51 MP: 8/8
  4674 | D:5      | Noticed Blork the orc
  4683 | D:5      | Killed Blork the orc
  4731 | D:5      | Found an iron altar of Okawaru.
  4836 | D:5      | Reached skill level 5 in Shields
  5185 | D:6      | Noticed flinch's ghost (novice TrFi)
  5848 | D:6      | Killed flinch's ghost
  5848 | D:6      | Reached skill level 8 in Fighting
  5848 | D:6      | Reached XP level 9. HP: 13/60 MP: 10/10
  6525 | D:6      | Reached skill level 9 in Fighting
  6794 | D:7      | Found a staircase to the Ecumenical Temple.
  6801 | Temple   | Entered the Ecumenical Temple
  7016 | Temple   | Became a worshipper of Elyvilon the Healer
  7150 | D:7      | Found a shattered altar of Ashenzari.
  7228 | D:7      | Noticed a komodo dragon
  7281 | D:7      | Slain by a komodo dragon

Vault maps used:
D:1:      ldierk_walled_garden, minivault_19, supply_closet_lemuel
D:2:      nicolae_gozag_seed_capital, first_bread, uniq_sigmund, uniq_jessica
D:3:      uniq_robin, uniq_terence
D:4:      wad_pebble_path, uniq_menkaure
D:5:      okawaru_metal_pillars_1_2, uniq_blork_the_orc
D:7:      hangedman_cross_stitches, ashenzari_conservatory_becter,
          chequers_temple_overflow_minitemple
Temple:   oiseaux_autumnal_temple

Skill      XL: |  1  2  3  4  5  6  7  8  9 |
---------------+----------------------------+-----
Throwing       | 1 2 |  2.0
Dodging        | 1 |  1.0
Maces & Flails | 3 5 6 |  6.0
Fighting       | 4 6 8 9 |  9.6
Armour         | 4 5 6 |  6.1
Shields        | 4 5 |  5.0
Evocations     | 1 2 |  2.1

Action                   |  1- 3 |  4- 6 |  7- 9 || total
-------------------------+-------+-------+-------++-------
Melee: Flail             |    88 |   172 |    77 ||   337
       Morningstar       |       |       |   214 ||   214
Throw: Stone             |    41 |    82 |   158 ||   281
       Tomahawk          |       |     9 |    47 ||    56
  Use: Scroll            |     2 |     7 |     6 ||    15
       Potion            |       |     3 |     1 ||     4
 Stab: Distracted        |       |       |     1 ||     1
  Eat: Chunk             |     1 |     6 |    13 ||    20
Armor: Scale mail        |    58 |   111 |   169 ||   338
Dodge: Dodged            |    71 |   107 |   160 ||   338
